AoeStats
← 从不压堡之人

Lombardia

509350255Analyzed
4v4 RM · 5d ago on Sep 26, 2026· 21m 18s· 8 players
Game mode
Random Map
Map size
Large (8 player)
Population
200
Speed
Normal
Resources
Standard
Victory
Conquest
Starting age
Dark Age
Ending age
Imperial Age
RankedLock teamsTeams togetherTeam positionsShared explorationLock speedFull tech treeHidden civsTurbo modeCheats
Victory
Defeat
🇨🇳 Burgundians · China
1165
+13
🇨🇿 Slavs · Czechia
1142
+14
🇨🇳 Poles · China
1124
+15
🇨🇳 Mongols · China
1098
+16
1161
-18
🇨🇳 Khitans · China
1121
-15
1056
-13
🇨🇳 Tatars · China
1047
-12
洗心革面重新做人TownYan
9:17 Feudal Age
9:51 Double-Bit Axe
10:24 Horse Collar
10:42 Loom
16:46 Wheelbarrow
21:00 Castle Age
我不是蓝精灵
11:50 Feudal Age
11:57 Feudal Age
12:21 Loom
16:33 Castle Age
14:35 Double-Bit Axe
14:33 Horse Collar
16:19 Wheelbarrow
18:33 Bow Saw
18:34 Heavy Plow
19:40 Town Watch
从不压堡之人
10:44 Feudal Age
11:28 Double-Bit Axe
14:27 Castle Age
12:11 Domestication
14:50 Forging
14:56 Scale Barding Armor
15:30 Bow Saw
17:39 Loom
21:02 Husbandry
22:04 Chain Barding Armor
我怕你审判长?
11:44 Feudal Age
13:04 Loom
15:38 Castle Age
14:00 Double-Bit Axe
14:15 Fletching
14:51 Padded Archer Armor
14:49 Gold Mining
17:02 Bow Saw
20:01 Ballistics
20:34 Horse Collar
DESTINNI
8:20 Loom
10:39 Feudal Age
16:06 Castle Age
14:04 Double-Bit Axe
14:15 Horse Collar
19:19 Heavy Plow
20:56 Bow Saw
21:29 Stone Mining
芥蓝菜丶
6:50 Double-Bit Axe
7:59 Horse Collar
11:07 Feudal Age
15:37 Castle Age
17:20 Bow Saw
21:28 Fletching
Hold the door
9:49 Feudal Age
12:25 Double-Bit Axe
14:56 Fletching
15:06 Padded Archer Armor
20:56 Castle Age
21:56 Wheelbarrow
21:05 Horse Collar
Know How To Cherish
6:22 Loom
8:36 Feudal Age
22:56 Castle Age
Connection lost

Rejoining the realm…

Still unreachable

The connection could not be restored.

Session expired

The server has moved on; the page needs a fresh start.